 Dungeon Crawl Stone Soup version 0.24-a0-429-g4608c8fa30 (webtiles) character file.

Game seed: 8098691436173351926

32508 Ijustatesigmund the Basher (level 13, -12/101 HPs)
             Began as an Octopode Fighter on June 13, 2019.
             Was a High Priest of Cheibriados.
             Mangled by a red devil
             ... wielding a +0 trident
             ... summoned by an orc high priest
              (15 damage)
             ... on level 2 of the Orcish Mines.
             The game lasted 00:49:35 (14111 turns).

Ijustatesigmund the Basher (Octopode Fighter)      Turns: 14111, Time: 00:49:36

Health: -12/101    AC:  3    Str: 29    XL:     13   Next: 65%
Magic:  14/21      EV: 19    Int: 21    God:    Cheibriados [*****.]
Gold:   1741       SH: 13    Dex: 27    Spells: 11/12 levels left

rFire    + + +     SeeInvis .   a - +4 morningstar (freeze)
rCold    . . .     Gourm    .   b - +0 shield
rNeg     . . .     Faith    .   m - +2 hat {MR+}
rPois    +         Spirit   .   j - amulet of regeneration
rElec    .         Reflect  .   e - ring of protection from fire
rCorr    .         Harm     .   o - +2 ring of evasion
MR       +....                  q - ring of poison resistance
Stlth    +++++.....             n - ring of protection from fire
HPRegen  0.66/turn              t - ring of protection from fire
MPRegen  0.17/turn              (no ring)
                                (no ring)
                                (no ring)

@: about to teleport, very slow
A: almost no armour, stealthy swim, amphibious, 8 rings, constrict 8, beak,
camouflage 1, robust 1, strong 1, gelatinous body 1
a: Bend Time, Temporal Distortion, Slouch, Step From Time, Renounce Religion


You were on level 2 of the Orcish Mines.
You worshipped Cheibriados.
Cheibriados was extremely pleased with you.
You were not hungry.

You visited 4 branches of the dungeon, and saw 17 of its levels.
You also visited: Bailey.

You collected 1741 gold pieces.

Inventory:

Hand Weapons
 a - a +4 morningstar of freezing (weapon)
 f - a +0 demon whip of flaming
Missiles
 c - 5 javelins (quivered)
Armour
 b - a +0 shield (worn)
 m - a +2 hat of magic resistance (worn)
Jewellery
 e - a ring of protection from fire (left tentacle)
 j - an amulet of regeneration (around mantle)
 n - a ring of protection from fire (on tentacle)
 o - a +2 ring of evasion (right tentacle)
 p - an uncursed amulet of the gourmand {unknown}
 q - a ring of poison resistance (on tentacle)
 t - a ring of protection from fire (on tentacle)
Wands
 u - a wand of iceblast (8)
 y - a wand of polymorph (14)
 z - a wand of paralysis (12)
 D - a wand of disintegration (10)
Scrolls
 k - a scroll of teleportation
 l - a scroll of amnesia
 A - 4 scrolls of remove curse
Potions
 g - a potion of brilliance
 h - a potion of heal wounds
 i - 4 potions of flight
 s - 3 potions of magic
 w - 3 potions of curing
 x - 2 potions of lignification
 B - a potion of resistance
Comestibles
 d - 22 rations


   Skills:
 - Level 10.3 Fighting
 + Level 13.2 Maces & Flails
 - Level 5.4 Dodging
 - Level 5.6 Stealth
 - Level 7.8 Shields
 - Level 3.1 Summonings
 + Level 11.5 Invocations
 - Level 7.2 Evocations


You had 11 spell levels left.
You knew the following spells:

 Your Spells              Type           Power        Failure   Level  Hunger
a - Summon Butterflies    Summ           ##......     13%         1    ##.....

Your spell library contained the following spells:

 Spells                   Type           Power        Failure   Level  Hunger
 Call Imp                 Summ           ##......     19%         2    ###....
 Apportation              Tloc           #.....       41%         1    ##.....
 Confusing Touch          Hex            #.....       41%         1    ##.....
 Freeze                   Ice            #...         41%         1    ##.....
 Magic Dart               Conj           #...         41%         1    ##.....
 Sandblast                Erth           #.....       41%         1    ##.....
 Blink                    Tloc           N/A          56%         2    ###....
 Passwall                 Tmut/Erth      #.......     56%         2    ###....
 Searing Ray              Conj           #.....       56%         2    ###....
 Slow                     Hex            #.......     56%         2    ###....
 Throw Frost              Conj/Ice       #.....       56%         2    ###....
 Recall                   Summ/Tloc      N/A          58%         3    ####...
 Confuse                  Hex            #.......     80%         3    ####...
 Conjure Flame            Conj/Fire      #.......     80%         3    ####...
 Dazzling Spray           Conj/Hex       #.....       80%         3    ####...
 Gell's Gravitas          Tloc           #.........   80%         3    ####...
 Lesser Beckoning         Tloc           #.........   80%         3    ####...
 Mephitic Cloud           Conj/Pois/Air  #.......     80%         3    ####...
 Ozocubu's Armour         Chrm/Ice       #.......     80%         3    ####...
 Stone Arrow              Conj/Erth      #.....       80%         3    ####...
 Tukima's Dance           Hex            #.......     80%         3    ####...
 Summon Ice Beast         Ice/Summ       #.......     94%         4    #####..
 Aura of Abjuration       Summ           ##........   98%         5    ######.
 Summon Demon             Summ           ##........   98%         5    ######.
 Force Lance              Conj/Tloc      #.......     99%         4    #####..
 Fulminant Prism          Conj/Hex       #.........   99%         4    #####..
 Iskenderun's Mystic Bla  Conj           #.......     99%         4    #####..
 Petrify                  Tmut/Erth      #.......     99%         4    #####..
 Throw Icicle             Conj/Ice       #.......     99%         4    #####..
 Alistair's Intoxication  Tmut/Pois      #.......     100%        5    ######.
 Lee's Rapid Deconstruct  Erth           #.........   100%        5    ######.
 Metabolic Englaciation   Hex/Ice        #.........   100%        5    ######.
 Summon Forest            Summ/Tloc      #.........   100%        5    ######.
 Summon Mana Viper        Hex/Summ       #.......     100%        5    ######.
 Yara's Violent Unravell  Hex/Tmut       #.........   100%        5    ######.
 Invisibility             Hex            #.......     100%        6    #######
 Shadow Creatures         Summ           N/A          100%        6    #######


Dungeon Overview and Level Annotations

Branches:
Dungeon (13/15)            Temple (1/1) D:5            Lair (1/6) D:11
    Orc (2/2) D:9             Elf (0/3) Orc:2
 Vaults: D:13-14

Altars:
Ashenzari
Cheibriados
Dithmenos
Elyvilon
Fedhas
Gozag
Hepliaklqana
Kikubaaqudgha
Makhleb
Nemelex Xobeh
Okawaru
Qazlal
Sif Muna
Trog
Uskayaw
Vehumet
Wu Jian
Xom
Yredelemnul
Zin
The Shining One
Beogh

Shops:
D:9 %   Orc:1 :[*[(   Orc:2 (

Annotations:
D:11 3 runed translucent doors, exclusion: oklob plant, Iwannabefree's ghost, journeyman NaIE


Innate Abilities, Weirdness & Mutations

You cannot wear most types of armour.
You are very stealthy in the water. (Stealth+)
You are amphibious.
You can wear up to eight rings at the same time.
You can use your tentacles to constrict eight enemies at once.
Your skin changes colour to match your surroundings (Stealth+).
Your rubbery body absorbs attacks. (AC +1, EV +1)
You have a beak for a mouth.
You are robust. (+10% HP)
Your muscles are strong. (Str +2)


Message History

You can feel time thicken for a moment.
You kill the orc warrior!
Cheibriados thoroughly appreciates the change of pace.
You kill the quasit!
You kill the orc priest!
Cheibriados thoroughly appreciates the change of pace.
You feel somewhat more hungry.
Cheibriados lowers the support of your attributes as your movement quickens.
The red devil hits you from afar with a +0 trident!!
You block the neqoxec's attack.
You bludgeon the neqoxec!! You freeze the neqoxec.
You kill the neqoxec!
You block the orc knight's attack. You block the red devil's attack.
The orc high priest completely misses you.
As you read the scroll of teleportation, it crumbles to dust.
You feel strangely unstable.
You feel a little less agile now.
The orc knight hits you with a +0 great mace!!
* * * LOW HITPOINT WARNING * * *
The red devil hits you from afar with a +0 trident!
You die...

..................#
##......
...o.))............#
##.#.<.
....).)..∩.........#
###...
.....)#))..%......##
###.
.....)))o..........
#.
.......))%%...##...
##
........)4#)..##...
.........)o)...# ..
#........)o@#.##
##.#.#.##.#####
###### ###


You could see 2 orc knights, an orc high priest and a red devil.

Vanquished Creatures
  Rupert (Orc:2)
  Harold (D:11)
  3 centaur warriors (D:13)
  2 two-headed ogres
  Erica (D:8)
  A tengu warrior (D:13)
  An orc high priest (Orc:2)
  Sonja (D:11)
  A glowing orange brain (D:13)
  Pikel (D:7)
  2 orc knights
  A deep elf mage (D:13)
  An orc sorcerer (Orc:1)
  3 manticores
  2 cyclopes
  Joseph (D:8)
  Psyche (D:8)
  An efreet (D:13)
  A freezing wraith (D:12)
  A tengu conjurer (D:13)
  A tyrant leech (D:13)
  2 trolls
  17 slime creatures (D:13)
  2 hippogriffs
  2 shadows
  A wraith (D:12)
  22 yaks
  Grum (D:10)
  A steam dragon (D:9)
  2 hungry ghosts
  A soldier ant (D:13)
  An acid dragon (D:12)
  24 orc warriors
  2 phantoms
  A sky beast (D:10)
  3 necrophages (D:7)
  2 black bears
  A slave (D:7)
  7 ogres
  2 wolves (D:10)
  11 centaurs
  2 crocodiles (D:13)
  3 big kobolds
  A gnoll sergeant (D:6)
  10 bullfrogs
  A water moccasin zombie (D:7)
  4 scorpions
  2 troll zombies (D:9)
  8 wights
  10 howler monkeys
  A bullfrog zombie (D:11)
  2 centaur zombies
  5 crimson imps
  3 quasits
  28 orc priests
  A centaur skeleton (D:6)
  7 hounds
  14 orc wizards
  A bullfrog skeleton (D:6)
  2 gnoll shamans (D:6)
  An iguana (D:13)
  12 worker ants
  A killer bee zombie (D:9)
  6 ogre zombies (D:9)
  A hound zombie (D:7)
  3 hound skeletons
  2 worker ant zombies
  8 adders
  12 gnolls (D:6)
  2 shadow imps
  An adder skeleton (D:6)
  An adder zombie (D:7)
  2 worms
  2 dart slugs (D:3)
  6 leopard geckos
  94 orcs
  8 bats
  A giant cockroach (D:6)
  10 goblins
  4 hobgoblins
  13 jackals
  18 kobolds
  A quokka (D:9)
  A ball python (D:3)
  3 frilled lizards
  A goblin skeleton (D:9)
  2 goblin zombies (D:9)
  2 hobgoblin skeletons (D:9)
  3 hobgoblin zombies (D:9)
  A leopard gecko skeleton (D:4)
  An orc skeleton (D:9)
  16 orc zombies (D:9)
  2 quokka zombies
  6 rats
  A bush (D:7)
486 creatures vanquished.

Vanquished Creatures (others)
  2 slaves (D:7)
  An orc wizard (D:7)
  An adder (D:7)
  A leopard gecko (D:7)
  A fungus (Lair:1)
  4 plants (D:7)
10 creatures vanquished.

Grand Total: 496 creatures vanquished

Notes
Turn   | Place    | Note
-------+----------+-------------------------------------------
     0 | D:1      | Ijustatesigmund the Octopode Fighter began the quest for
                  | the Orb.
     0 | D:1      | Reached XP level 1. HP: 16/16 MP: 1/1
   165 | D:1      | Reached XP level 2. HP: 20/21 MP: 2/2
   500 | D:2      | Found an ornate altar of the Wu Jian Council.
   716 | D:2      | Reached skill level 3 in Maces & Flails
  1129 | D:2      | Reached XP level 3. HP: 22/26 MP: 3/3
  1503 | D:3      | Reached skill level 4 in Maces & Flails
  1621 | D:3      | Reached XP level 4. HP: 27/31 MP: 4/4
  2055 | D:4      | Reached XP level 5. HP: 34/36 MP: 5/5
  2208 | D:4      | Reached skill level 5 in Maces & Flails
  2243 | D:4      | Reached XP level 6. HP: 24/44 MP: 6/6
  2300 | D:4      | Noticed a phantom
  2314 | D:4      | Killed a phantom
  2314 | D:4      | Reached skill level 5 in Fighting
  2358 | D:4      | Reached XP level 7. HP: 50/50 MP: 7/7
  2621 | D:5      | Entered Level 5 of the Dungeon
  2632 | D:5      | Reached skill level 6 in Maces & Flails
  2763 | D:5      | Found a staircase to the Ecumenical Temple.
  2772 | Temple   | Entered the Ecumenical Temple
  3020 | D:5      | Found an ancient bone altar of Kikubaaqudgha.
  3024 | D:5      | Found a shimmering altar of Xom.
  3344 | D:5      | Found a sparkling altar of Nemelex Xobeh.
  3576 | D:6      | Reached XP level 8. HP: 57/57 MP: 8/8
  3832 | D:6      | Found a basalt altar of Yredelemnul.
  4484 | D:7      | Found a flagged portal.
  4491 | Bailey   | Entered a bailey
  4499 | Bailey   | Reached skill level 7 in Maces & Flails
  4499 | Bailey   | Reached skill level 5 in Shields
  4826 | Bailey   | Reached XP level 9. HP: 46/63 MP: 9/9
  5362 | Bailey   | Reached skill level 8 in Maces & Flails
  5440 | Bailey   | Identified a scroll of acquirement
  5697 | D:7      | Found a blossoming altar of Fedhas.
  5829 | D:7      | Found a blossoming altar of Fedhas.
  5836 | D:7      | Noticed Pikel
  5855 | D:7      | Killed Pikel
  5870 | D:7      | Reached XP level 10. HP: 72/72 MP: 10/10
  6027 | D:7      | Reached skill level 9 in Maces & Flails
  6160 | Temple   | Became a worshipper of Cheibriados the Contemplative
  6294 | D:8      | Found an opulent altar of Gozag.
  6365 | D:8      | Noticed Joseph
  6378 | D:8      | Killed Joseph
  6378 | D:8      | Reached skill level 1 in Invocations
  6493 | D:8      | Learned a level 1 spell: Summon Butterflies
  6752 | D:8      | Noticed Erica
  6755 | D:8      | Noticed Psyche
  6757 | D:8      | Killed Erica
  6764 | D:8      | Killed Psyche
  6764 | D:8      | Reached * piety under Cheibriados
  6764 | D:8      | Reached skill level 5 in Invocations
  7271 | D:9      | Reached skill level 1 in Summonings
  7285 | D:9      | Found a staircase to the Orcish Mines.
  7317 | D:9      | Found Quyxelusm's Food Shop.
  7336 | D:9      | Reached skill level 1 in Stealth
  7348 | D:9      | Reached ** piety under Cheibriados
  7372 | D:10     | Entered Level 10 of the Dungeon
  7480 | D:9      | Reached skill level 10 in Maces & Flails
  7480 | D:9      | Reached XP level 11. HP: 60/80 MP: 15/15
  7654 | D:9      | Reached *** piety under Cheibriados
  7669 | D:9      | Found a deep blue altar of Sif Muna.
  8190 | D:9      | Noticed a two-headed ogre
  8197 | D:9      | Killed a two-headed ogre
  8751 | D:10     | Noticed Grum
  8762 | D:10     | Killed Grum
  8762 | D:10     | Reached skill level 10 in Fighting
  8764 | D:10     | Reached **** piety under Cheibriados
  8956 | D:10     | Reached skill level 5 in Dodging
  9299 | D:11     | Found an ancient bone altar of Kikubaaqudgha.
  9299 | D:11     | Noticed an oklob plant
  9444 | D:11     | Found a staircase to the Lair.
  9460 | Lair:1   | Entered Level 1 of the Lair of Beasts
  9654 | D:11     | Noticed a manticore
  9662 | D:11     | Killed a manticore
  9662 | D:11     | Reached skill level 1 in Evocations
  9745 | D:11     | Noticed Sonja
  9755 | D:11     | Killed Sonja
  9755 | D:11     | Reached skill level 5 in Stealth
  9876 | D:11     | Reached XP level 12. HP: 48/87 MP: 17/17
  9942 | D:11     | Found a runed translucent gate.
  9945 | D:11     | Found a runed translucent gate.
  9945 | D:11     | Found a runed translucent gate.
  9946 | D:11     | Found an opulent altar of Gozag.
  9947 | D:11     | Noticed Iwannabefree's ghost (journeyman NaIE)
  9947 | D:11     | Noticed a two-headed ogre
  9947 | D:11     | Noticed an ettin
  9947 | D:11     | Noticed a two-headed ogre
 10136 | D:11     | Noticed Harold
 10142 | D:11     | Killed Harold
 10142 | D:11     | Reached skill level 5 in Evocations
 11236 | D:12     | Reached ***** piety under Cheibriados
 11288 | D:12     | Noticed a two-headed ogre
 11432 | D:12     | Gained mutation: You have a beak for a mouth. [potion of
                  | mutation]
 11432 | D:12     | Gained mutation: Your muscles are strong. (Str +2) [potion
                  | of mutation]
 11432 | D:12     | Gained mutation: You are robust. (+10% HP) [potion of
                  | mutation]
 11495 | D:12     | Killed a two-headed ogre
 11741 | D:13     | Reached skill level 11 in Maces & Flails
 11892 | D:13     | Noticed a centaur warrior
 11903 | D:13     | Killed a centaur warrior
 11906 | D:13     | Noticed a centaur warrior
 11916 | D:13     | Killed a centaur warrior
 11994 | D:13     | Noticed a tengu warrior
 12053 | D:13     | Killed a tengu warrior
 12053 | D:13     | Reached skill level 12 in Maces & Flails
 12053 | D:13     | Reached XP level 13. HP: 17/101 MP: 20/20
 12470 | D:13     | Reached skill level 10 in Invocations
 13189 | Orc:1    | Entered Level 1 of the Orcish Mines
 13273 | Orc:1    | Found Canesauwi's Book Boutique.
 13273 | Orc:1    | Found a radiant altar of Vehumet.
 13325 | Orc:1    | Found Vusaav's Armour Shoppe.
 13326 | Orc:1    | Found Jahemola's Assorted Antiques.
 13371 | Orc:1    | Found Urytha's Antique Armour Shop.
 13446 | Orc:1    | Found Juassif's Antique Weapon Shop.
 13534 | Orc:2    | Entered Level 2 of the Orcish Mines
 13583 | Orc:2    | Found a staircase to the Elven Halls.
 13635 | Orc:2    | Found a roughly hewn altar of Beogh.
 13820 | Orc:2    | Noticed Rupert
 13833 | Orc:2    | Killed Rupert
 13833 | Orc:2    | Reached skill level 13 in Maces & Flails
 14049 | Orc:2    | Found Nadigh's Weapon Emporium.
 14111 | Orc:2    | HP: 3/101 [orc knight/+0 great mace (30)]
 14111 | Orc:2    | Mangled by a red devil

Levels and vault maps discovered:
D:1:      ncdulo_halloftheorcs, layout_basic
D:2:      layout_loops_corners, marbit_many_paths, kennysheep_potato
D:3:      layout_basic
D:4:      minmay_angry_zag, layout_loops_cross
D:5:      layout_basic, nicolae_overflow_hidden_temple, temple_hall,
          first_ration, minmay_misc_feat_doors, kennysheep_small_square
D:6:      layout_loops_ring, basic_altar, hangedman_decor_clover_reticule,
          st_stairs_1
D:7:      layout_rooms, lemuel_doored_altar, enter_bailey_3,
          fedhas_altar_decomposition, uniq_pikel
D:8:      layout_loops_ring, grunt_ogre_cave, nicolae_zen_rock_garden,
          grunt_gozag_breadcrumbs, uniq_psyche, uniq_joseph, uniq_erica
D:9:      layout_basic, led_sif_pool, zombieorc2_lemuel, serial_shops,
          nicolae_shop_behind_doors
D:10:     layout_basic, kennysheep_generic_room_6, uniq_grum
D:11:     layout_grid_maze, lair_entry_dummy, ebering_ghost_gozag,
          lemuel_oklob_altar, uniq_harold, uniq_sonja
D:12:     layout_gridville, minmay_variable_closet
D:13:     layout_stronghold
Temple:   regret_index_temple_generic_petals
Lair:1:   layout_roguey
Orc:1:    layout_caves, basic_altar, serial_shops, shop, shop, shop,
          nicolae_shop_crystal, nicolae_shop_overgrown_old_shop,
          nicolae_orc_rockfall
Orc:2:    st_orc_pillars, layout_diamond_mine, serial_shops, shop, mines1_david,
          uniq_rupert

Skill      XL: |  1  2  3  4  5  6  7  8  9 10 11 12 13 |
---------------+----------------------------------------+-----
Maces & Flails | 3 4 5 6 7 8 10 12 13 | 13.2
Fighting       | 4 5 6 8 9 10 | 10.3
Dodging        | 4 5 |  5.4
Shields        | 4 5 7 |  7.8
Invocations    | 5 7 9 11 | 11.5
Summonings     | 1 3 |  3.1
Stealth        | 2 5 |  5.6
Evocations     | 3 7 |  7.2

Action                   |  1- 3 |  4- 6 |  7- 9 | 10-12 | 13-15 || total
-------------------------+-------+-------+-------+-------+-------++-------
Melee: Flail             |    71 |    21 |       |       |       ||    92
       Constrict         |    17 |    20 |    67 |    73 |    30 ||   207
       Tentacles         |    14 |    15 |    70 |   211 |    56 ||   366
       Whip              |       |    66 |   284 |   326 |       ||   676
       Morningstar       |       |       |       |   262 |   144 ||   406
       Peck              |       |       |       |    28 |    66 ||    94
Throw: Javelin           |       |       |     3 |     8 |     3 ||    14
Invok: Slouch            |       |       |       |     2 |     5 ||     7
Evoke: Wand              |       |       |       |     2 |    15 ||    17
  Use: Scroll            |     9 |       |     9 |    12 |     3 ||    33
       Potion            |       |     3 |     4 |     2 |     1 ||    10
 Stab: Sleeping          |     6 |     1 |     1 |    23 |     9 ||    40
       Distracted        |       |       |     1 |     2 |       ||     3
  Eat: Chunk             |     2 |     3 |    11 |     7 |       ||    23
       Ration            |       |       |       |     2 |     2 ||     4
Armor: Skin              |     5 |     8 |    17 |    35 |     3 ||    68
Dodge: Dodged            |    26 |    26 |   141 |   272 |    48 ||   513
Block: Shield            |    33 |    27 |   139 |   274 |    89 ||   562

Table legend:
 A = Non-vault XP
 B = Vault XP
 C = Vault XP percentage of total XP
 D = Non-vault monster count
 E = Vault monster count
 F = Vault count percentage of total count
                 A         B        C        D         E       F
            +---------+---------+-------+---------+---------+-------
      Total |   33098 |   13342 |  28.7 |     353 |     132 |  27.2
            +---------+---------+-------+---------+---------+-------
        D:1 |      13 |       0 |   0.0 |       8 |       0 |   0.0
        D:2 |      34 |       3 |   8.1 |      12 |       2 |  14.3
        D:3 |     113 |       0 |   0.0 |      26 |       0 |   0.0
        D:4 |     309 |     265 |  46.2 |      17 |       5 |  22.7
        D:5 |     333 |      40 |  10.7 |      12 |       1 |   7.7
        D:6 |     662 |       1 |   0.2 |      35 |       1 |   2.8
        D:7 |     986 |    1163 |  54.1 |      23 |      12 |  34.3
        D:8 |     867 |    1943 |  69.1 |      19 |       4 |  17.4
        D:9 |    3551 |     659 |  15.7 |      34 |      36 |  51.4
       D:10 |    2590 |     593 |  18.6 |      23 |       5 |  17.9
       D:11 |    2211 |    1775 |  44.5 |      30 |       2 |   6.2
       D:12 |    3368 |       0 |   0.0 |      19 |       0 |   0.0
       D:13 |   13861 |       0 |   0.0 |      50 |       0 |   0.0
     Lair:1 |    1844 |       0 |   0.0 |       9 |       0 |   0.0
      Orc:1 |    1471 |       0 |   0.0 |      14 |       0 |   0.0
      Orc:2 |     885 |    5590 |  86.3 |      22 |      35 |  61.4
     Bailey |       0 |    1310 | 100.0 |       0 |      29 | 100.0
            +---------+---------+-------+---------+---------+-------
